General information
- name: BNet
- type: Ladder team game (AT/RT)
- host: Battle.net
- saver: pro-gambler.
map: Deadlock
- players: 8
- length: 24:22
- speed: Fast
- version: 1.26 W3XP
- replay type: Public
» download(190 KB)
Players
team 1 (winner)

»
ONLYG0DKNOWSWHY (
green | 102 APM | 2473 actions | 24:21)
6 Paladin
3 Holy Light
2 Devotion Aura
1 Resurrection
» actions
| Assign group hotkey | 32 | |
| Basic commands | 377 | |
| Build / train | 95 | |
| Enter build submenu | 26 | |
| Enter hero's abilities submenu | 6 | |
| Give item / drop item | 1 | |
| Remove unit from queue | 1 | |
| Right click | 514 | |
| Select / deselect | 468 | |
| Select group hotkey | 886 | |
| Use ability | 67 | |
2473 total
» units
| Peasant | 18 | |
| Rifleman | 18 | |
| Mortar Team | 6 | |
| Flying Machine | 11 | |
53 total
» upgrades
| Gunpowder | 3 | |
| Armor | 2 | |
| Long Rifles | 1 | |
| Fragmentation Shards | 1 | |
| Flare | 1 | |
| Backpack | 1 | |
| Lumber Harvesting | 1 | |
| Flak Cannons | 1 | |
| Plating | 1 | |
12 total
» buildings
| Altar of Kings | 1 | |
| Blacksmith | 1 | |
| Barracks | 1 | |
| Farm | 9 | |
| Arcane Vault | 1 | |
| Scout Tower | 4 | |
| Arcane Tower | 1 | |
| Lumber Mill | 1 | |
| Keep | 2 | |
| Workshop | 2 | |
| Castle | 1 | |
| Guard Tower | 3 | |
| Town Hall | 2 | |
29 total
» build order
00:49 Altar of Kings
00:53 Blacksmith
01:00 Barracks
01:08 Farm
01:56 Farm
02:10 Arcane Vault
02:19 Scout Tower
02:57 Arcane Tower
03:03 Farm
03:06 Lumber Mill
04:20 Keep
05:19 Farm
07:51 Workshop
07:55 Workshop
08:29 Farm
08:30 Farm
09:13 Farm
09:15 Farm
12:07 Castle
14:40 Scout Tower
14:41 Scout Tower
14:43 Scout Tower
15:11 Guard Tower
15:11 Guard Tower
15:12 Guard Tower
16:09 Town Hall
18:32 Town Hall
22:26 Farm
» items
| Lesser Clarity Potion | 2 | |
| Scroll of Town Portal | 4 | |
| Rod of Necromancy | 1 | |
| Orb of Fire | 1 | |
8 total
Xzar-aneski (
blue | 39 APM | 950 actions | 24:21)
7 Death Knight
3 Death Coil
3 Unholy Aura
1 Animate Dead
» actions
| Basic commands | 1 | |
| Build / train | 80 | |
| Enter build submenu | 26 | |
| Enter hero's abilities submenu | 7 | |
| Right click | 462 | |
| Select / deselect | 285 | |
| Use ability | 89 | |
950 total
» units
| Acolyte | 12 | |
| Ghoul | 4 | |
| Crypt Fiend | 21 | |
| Frost Wyrm | 7 | |
44 total
» upgrades
| Creature Attack | 2 | |
| Creature Carapace | 1 | |
| Web | 1 | |
4 total
» buildings
| Ziggurat | 10 | |
| Crypt | 1 | |
| Altar of Darkness | 1 | |
| Graveyard | 1 | |
| Tomb of Relics | 1 | |
| Nerubian Tower | 3 | |
| Halls of the Dead | 1 | |
| Necropolis | 1 | |
| Black Citadel | 1 | |
| Sacrificial Pit | 2 | |
| Boneyard | 2 | |
| Spirit Tower | 2 | |
26 total
» build order
00:13 Ziggurat
00:15 Crypt
00:36 Altar of Darkness
00:59 Graveyard
01:16 Ziggurat
02:01 Tomb of Relics
02:09 Nerubian Tower
02:09 Nerubian Tower
03:04 Ziggurat
04:55 Halls of the Dead
05:37 Necropolis
08:37 Black Citadel
09:03 Ziggurat
09:16 Ziggurat
09:19 Sacrificial Pit
11:08 Sacrificial Pit
11:13 Boneyard
11:42 Spirit Tower
11:44 Nerubian Tower
12:10 Boneyard
12:36 Ziggurat
12:38 Spirit Tower
18:17 Ziggurat
18:55 Ziggurat
20:52 Ziggurat
20:56 Ziggurat
» items
| Rod of Necromancy | 2 | |
| Lesser Clarity Potion | 4 | |
| Potion of Healing | 4 | |
| Scroll of Town Portal | 2 | |
| Healing Salve | 1 | |
| Scroll of Speed | 4 | |
17 total
vupg.3 (
yellow | 79 APM | 1915 actions | 24:21)
5 Blademaster
3 Wind Walk
2 Critical Strike
3 Shadow Hunter
2 Hex
1 Healing Wave
» actions
| Assign group hotkey | 40 | |
| Basic commands | 6 | |
| Build / train | 67 | |
| Enter build submenu | 26 | |
| Enter hero's abilities submenu | 9 | |
| Give item / drop item | 7 | |
| Right click | 591 | |
| Select / deselect | 296 | |
| Select group hotkey | 757 | |
| Use ability | 116 | |
1915 total
» units
| Peon | 8 | |
| Troll Witch Doctor | 7 | |
| Tauren | 6 | |
| Shaman | 4 | |
25 total
» upgrades
| Spiked Barricades | 1 | |
| Witch Doctor Training | 2 | |
| Shaman Training | 2 | |
| Melee Weapons | 2 | |
| Armor | 1 | |
| Pulverize | 1 | |
9 total
» buildings
| Orc Burrow | 7 | |
| Altar of Storms | 1 | |
| Voodoo Lounge | 2 | |
| War Mill | 1 | |
| Watch Tower | 5 | |
| Stronghold | 1 | |
| Spirit Lodge | 3 | |
| Fortress | 1 | |
| Tauren Totem | 4 | |
| Great Hall | 1 | |
26 total
» build order
00:11 Orc Burrow
00:15 Altar of Storms
00:40 Voodoo Lounge
01:26 War Mill
01:48 Orc Burrow
03:06 Watch Tower
03:16 Voodoo Lounge
03:36 Watch Tower
03:58 Stronghold
04:47 Orc Burrow
05:16 Watch Tower
05:31 Watch Tower
06:42 Spirit Lodge
07:58 Fortress
08:00 Spirit Lodge
10:21 Tauren Totem
10:24 Tauren Totem
11:52 Watch Tower
12:01 Spirit Lodge
13:06 Tauren Totem
17:06 Orc Burrow
17:25 Orc Burrow
18:11 Tauren Totem
21:33 Orc Burrow
21:35 Orc Burrow
23:22 Great Hall
» items
| Healing Salve | 4 | |
| Lesser Clarity Potion | 5 | |
| Circlet of Nobility | 2 | |
| Periapt of Vitality | 1 | |
| Potion of Mana | 2 | |
| Potion of Healing | 2 | |
| Scroll of Town Portal | 2 | |
| Orb of Lightning | 1 | |
| Tiny Great Hall | 1 | |
20 total
pro-gambler. (
teal | 80 APM | 1959 actions | 24:22)
6 Blademaster
3 Wind Walk
2 Critical Strike
1 Bladestorm
1 Shadow Hunter
1 Hex
» actions
| Assign group hotkey | 44 | |
| Basic commands | 2 | |
| Build / train | 29 | |
| Enter build submenu | 7 | |
| Enter hero's abilities submenu | 7 | |
| Give item / drop item | 3 | |
| Right click | 1076 | |
| Select / deselect | 183 | |
| Select group hotkey | 522 | |
| Use ability | 85 | |
1959 total
» units
» buildings
| Altar of Storms | 1 | |
| Orc Burrow | 4 | |
| Barracks | 1 | |
| Voodoo Lounge | 1 | |
| Stronghold | 2 | |
9 total
» build order
00:07 Altar of Storms
00:21 Orc Burrow
00:36 Barracks
01:29 Orc Burrow
01:54 Voodoo Lounge
02:55 Stronghold
02:55 Stronghold
03:36 Orc Burrow
04:49 Orc Burrow
» items
| Boots of Speed | 1 | |
| Healing Salve | 2 | |
| Staff of Teleportation | 1 | |
4 total
team 2 (loser)

»
fatboyfartz (
red | 76 APM | 1579 actions | 20:39)
2 Archmage
1 Summon Water Elemental
1 Brilliance Aura
2 Mountain King
1 Storm Bolt
1 Bash
» actions
| Assign group hotkey | 50 | |
| Basic commands | 8 | |
| Build / train | 60 | |
| Enter build submenu | 28 | |
| Enter hero's abilities submenu | 4 | |
| Remove unit from queue | 2 | |
| Right click | 546 | |
| Select / deselect | 361 | |
| Select group hotkey | 459 | |
| Use ability | 61 | |
1579 total
» units
| Peasant | 11 | |
| Footman | 11 | |
| Knight | 7 | |
| Sorceress | 2 | |
| Priest | 6 | |
37 total
» upgrades
| Defend | 1 | |
| Plating | 2 | |
| Animal War Training | 1 | |
| Priest Training | 2 | |
| Sorceress Training | 2 | |
| Swords | 1 | |
9 total
» buildings
| Altar of Kings | 1 | |
| Farm | 14 | |
| Barracks | 2 | |
| Scout Tower | 1 | |
| Arcane Tower | 1 | |
| Blacksmith | 1 | |
| Lumber Mill | 2 | |
| Arcane Vault | 1 | |
| Keep | 1 | |
| Castle | 1 | |
| Arcane Sanctum | 2 | |
27 total
» build order
00:04 Altar of Kings
00:05 Farm
00:45 Barracks
01:03 Scout Tower
01:47 Arcane Tower
01:56 Farm
02:04 Farm
02:44 Farm
02:52 Blacksmith
03:00 Lumber Mill
03:20 Arcane Vault
04:11 Farm
04:13 Farm
04:24 Keep
05:17 Barracks
07:04 Castle
08:32 Arcane Sanctum
08:35 Arcane Sanctum
10:18 Farm
10:20 Farm
11:10 Farm
11:13 Farm
16:36 Lumber Mill
17:12 Farm
17:14 Farm
18:37 Farm
18:39 Farm
» items
| Potion of Healing | 1 | |
| Scroll of Town Portal | 1 | |
| Scroll of Regeneration | 1 | |
3 total

»
Shadow_Mage92 (
orange | 85 APM | 1743 actions | 20:33)
3 Demon Hunter
2 Evasion
1 Mana Burn
2 Priestess of the Moon
1 Trueshot Aura
1 Searing Arrows
» actions
| Assign group hotkey | 55 | |
| Build / train | 81 | |
| ESC pressed | 1 | |
| Enter build submenu | 20 | |
| Enter hero's abilities submenu | 6 | |
| Remove unit from queue | 1 | |
| Right click | 803 | |
| Select / deselect | 371 | |
| Select group hotkey | 348 | |
| Use ability | 57 | |
1743 total
» units
| Wisp | 30 | |
| Archer | 11 | |
| Druid of the Talon | 2 | |
| Dryad | 2 | |
| Faerie Dragon | 4 | |
| Druid of the Claw | 2 | |
| Razormane Medicine Man | 1 | |
| Mountain Giant | 1 | |
| Chimaera | 4 | |
| Hippogryph | 2 | |
59 total
» upgrades
| Improved Bows | 1 | |
| Strength of the Moon | 1 | |
| Abolish Magic | 1 | |
| Druid of the Talon Training | 1 | |
| Moon Armor | 1 | |
| Reinforced Hides | 1 | |
| Druid of the Claw Training | 1 | |
| Strength of the Wild | 1 | |
| Corrosive Breath | 1 | |
9 total
» buildings
| Altar of Elders | 1 | |
| Moon Well | 7 | |
| Ancient of War | 1 | |
| Tree of Ages | 1 | |
| Tree of Life | 2 | |
| Hunter's Hall | 1 | |
| Ancient of Lore | 1 | |
| Ancient of Wind | 1 | |
| Ancient of Wonders | 1 | |
| Tree of Eternity | 1 | |
| Chimaera Roost | 3 | |
20 total
» build order
00:04 Altar of Elders
00:05 Moon Well
00:19 Ancient of War
01:37 Moon Well
02:47 Moon Well
04:01 Tree of Ages
04:19 Tree of Life
05:05 Hunter's Hall
07:09 Ancient of Lore
07:12 Ancient of Wind
07:15 Tree of Life
08:37 Ancient of Wonders
08:39 Moon Well
13:44 Tree of Eternity
16:18 Chimaera Roost
16:20 Chimaera Roost
16:51 Chimaera Roost
16:56 Moon Well
17:26 Moon Well
18:03 Moon Well
» items
| Scroll of Town Portal | 2 | |
| Potion of Healing | 1 | |
3 total
x3m_test (
pink | 63 APM | 1303 actions | 20:43)
3 Death Knight
2 Death Coil
1 Unholy Aura
» actions
| Assign group hotkey | 89 | |
| Basic commands | 15 | |
| Build / train | 53 | |
| Enter build submenu | 19 | |
| Enter hero's abilities submenu | 3 | |
| Remove unit from queue | 1 | |
| Right click | 642 | |
| Select / deselect | 217 | |
| Select group hotkey | 219 | |
| Use ability | 44 | |
1303 total
» units
| Acolyte | 11 | |
| Ghoul | 4 | |
| Crypt Fiend | 9 | |
| Gargoyle | 7 | |
| Frost Wyrm | 2 | |
33 total
» upgrades
| Creature Attack | 3 | |
| Web | 1 | |
| Burrow | 1 | |
| Freezing Breath | 1 | |
6 total
» buildings
| Altar of Darkness | 1 | |
| Ziggurat | 5 | |
| Crypt | 2 | |
| Graveyard | 1 | |
| Tomb of Relics | 2 | |
| Halls of the Dead | 1 | |
| Spirit Tower | 2 | |
| Black Citadel | 1 | |
| Sacrificial Pit | 1 | |
| Necropolis | 1 | |
| Boneyard | 2 | |
19 total
» build order
00:19 Altar of Darkness
00:25 Ziggurat
00:44 Crypt
01:17 Graveyard
01:29 Ziggurat
01:48 Tomb of Relics
02:22 Crypt
04:48 Ziggurat
05:22 Ziggurat
07:27 Halls of the Dead
08:47 Ziggurat
08:50 Spirit Tower
09:06 Tomb of Relics
10:47 Spirit Tower
12:34 Black Citadel
13:44 Sacrificial Pit
13:48 Necropolis
16:03 Boneyard
16:07 Boneyard
» items
| Rod of Necromancy | 1 | |
| Dust of Appearance | 1 | |
| Potion of Mana | 1 | |
| Scroll of Healing | 1 | |
| Potion of Healing | 1 | |
5 total

»
Ephemerality (
purple | 70 APM | 1715 actions | 24:20)
5 Demon Hunter
2 Immolation
3 Mana Burn
2 Keeper of the Grove
1 Entangling Roots
1 Thorns Aura
» actions
| Assign group hotkey | 33 | |
| Basic commands | 3 | |
| Build / train | 120 | |
| Enter build submenu | 38 | |
| Enter hero's abilities submenu | 7 | |
| Right click | 528 | |
| Select / deselect | 388 | |
| Select group hotkey | 527 | |
| Use ability | 71 | |
1715 total
» units
| Wisp | 41 | |
| Archer | 5 | |
| Huntress | 5 | |
| Faerie Dragon | 2 | |
| Chimaera | 6 | |
| Hippogryph | 12 | |
| Frost Wyrm | 8 | |
| Acolyte | 5 | |
84 total
» upgrades
| Ultravision | 1 | |
| Strength of the Wild | 3 | |
| Druid of the Talon Training | 1 | |
| Upgrade Moon Glaive | 1 | |
| Sentinel | 1 | |
| Well Spring | 1 | |
| Nature's Blessing | 1 | |
| Corrosive Breath | 1 | |
| Reinforced Hides | 1 | |
11 total
» buildings
| Altar of Elders | 1 | |
| Moon Well | 9 | |
| Ancient of War | 1 | |
| Hunter's Hall | 1 | |
| Ancient Protector | 8 | |
| Tree of Life | 3 | |
| Tree of Ages | 1 | |
| Ancient of Wind | 3 | |
| Tree of Eternity | 1 | |
| Ancient of Wonders | 1 | |
| Chimaera Roost | 3 | |
32 total
» build order
00:11 Altar of Elders
00:21 Moon Well
00:41 Ancient of War
01:36 Moon Well
02:29 Hunter's Hall
02:34 Moon Well
03:56 Ancient Protector
04:27 Tree of Life
04:52 Tree of Ages
06:37 Moon Well
07:29 Ancient Protector
07:39 Ancient of Wind
07:45 Ancient Protector
08:32 Ancient Protector
08:43 Tree of Eternity
10:12 Tree of Life
10:40 Moon Well
10:41 Moon Well
11:49 Ancient of Wonders
12:35 Ancient Protector
12:41 Ancient Protector
12:43 Ancient Protector
13:49 Chimaera Roost
13:50 Chimaera Roost
14:30 Chimaera Roost
17:04 Ancient Protector
18:13 Moon Well
18:14 Moon Well
18:20 Moon Well
20:55 Ancient of Wind
20:56 Ancient of Wind
23:18 Tree of Life
» items
| Scroll of Town Portal | 3 | |
| Periapt of Vitality | 2 | |
| Boots of Speed | 2 | |
| Circlet of Nobility | 1 | |
| Moonstone | 1 | |
9 total
Chat log
(00:59 / Allies) pro-gambler.: im always on the god damn outside
(02:06 / Allies) ONLYG0DKNOWSWHY: I can't talk on the phone with women when I play
(02:25 / Allies) ONLYG0DKNOWSWHY: all they do is fucking bitch about their day
(03:24 / Allies) pro-gambler.: be gay like me
(04:16 / Allies) pro-gambler.: lets hit expos?
(05:52 / Allies) Xzar-aneski: do?
(05:55 / Allies) ONLYG0DKNOWSWHY: yes
(06:06 / Allies) ONLYG0DKNOWSWHY: fuck i go foots we win
(06:08 / Allies) ONLYG0DKNOWSWHY: rofl
(07:39 / Allies) ONLYG0DKNOWSWHY: fuck u yellow
(07:42 / Allies) ONLYG0DKNOWSWHY: fucking orcs and thier tech
(07:57 / Allies) pro-gambler.: god u guys
(08:07 / All) ONLYG0DKNOWSWHY: yeah yellow tech those tauren
(10:00 / Allies) pro-gambler.: 100g for tp staff?
(14:52 / Allies) pro-gambler.: yellow sh trapped lolz
(16:30 / Allies) ONLYG0DKNOWSWHY: needed to win there...
(16:49 / Allies) pro-gambler.: they have expos are one additional army it is folly
(19:44 / Allies) ONLYG0DKNOWSWHY: BLUE
(19:47 / Allies) ONLYG0DKNOWSWHY: THE CHIMS
(19:48 / Allies) Xzar-aneski: ?
(20:13 / All) Shadow_Mage92: fantastic noob team
(20:21 / All) Shadow_Mage92: THAT
(20:22 / All) Shadow_Mage92: LOL
(20:24 / All) Shadow_Mage92: GARGS ALONE
(20:31 / All) Shadow_Mage92: FANTASTIC and purp still at cine
(20:32 / Allies) ONLYG0DKNOWSWHY: wood please
(20:33 / All) Shadow_Mage92: cya
(20:33 / Allies) ONLYG0DKNOWSWHY: if u can
(20:41 / All) x3m_test: gg noob purp
(20:44 / All) pro-gambler.: gg
(20:46 / All) pro-gambler.: LAWL
(20:54 / All) pro-gambler.: join clan s4s
(21:03 / Allies) ONLYG0DKNOWSWHY: i cant kill that
(21:15 / Allies) Xzar-aneski: get tp
(21:16 / Allies) pro-gambler.: blue u have to save ur base
(21:34 / Allies) pro-gambler.: dont walk lolz
(22:06 / Allies) ONLYG0DKNOWSWHY: b
(22:07 / Allies) ONLYG0DKNOWSWHY: b
(22:29 / Allies) ONLYG0DKNOWSWHY: blue
(22:30 / Allies) ONLYG0DKNOWSWHY: give me wood
(22:39 / Allies) ONLYG0DKNOWSWHY: ty
(22:45 / Allies) Xzar-aneski: focus heros
(22:48 / Allies) pro-gambler.: stay together
(23:37 / All) ONLYG0DKNOWSWHY: its over kid leave
(23:56 / Allies) pro-gambler.: fihgt
(23:57 / Allies) pro-gambler.: way